 Dungeon Crawl Stone Soup version 0.29-a0-872-g797fff5ad1 (webtiles) character file.

Game seed: 17364777936845793355

38 Snarg the Vexing (level 3, 0/18 HPs)
             Began as a Spriggan Arcane Marksman on July 19, 2022.
             Slain by Crazy Yiuf
             ... wielding a +4 quarterstaff of chaos
              (8 damage)
             ... on level 2 of the Dungeon.
             The game lasted 00:04:57 (1138 turns).

Snarg the Vexing (Spriggan Arcane Marksman)         Turns: 1138, Time: 00:04:58

Health: 0/18       AC:  2    Str:  6    XL:     3   Next: 25%
Magic:  6/6        EV: 17    Int: 14    God:
Gold:   101        SH:  0    Dex: 17    Spells: 3/4 levels left

rFire   + . .      SeeInvis +   b - +0 dagger
rCold   + . .      Faith    .   (no shield)
rNeg    . . .      Spirit   .   c - +0 robe
rPois   .          Reflect  .   (helmet restricted)
rElec   .          Harm     .   n - scarf {rC+ rF+}
rCorr   .          Rampage  .   (gloves unavailable)
Will    .....                   (boots unavailable)
Stlth   ++........              (no amulet)
HPRegen 0.06/turn               (no ring)
MPRegen 0.10/turn               (no ring)

@: invisible, very quick
A: very small, no large weapons, unfitting armour, see invisible, speed 3
a: no special abilities


You were on level 2 of the Dungeon.
You visited 1 branch of the dungeon, and saw 2 of its levels.

You collected 101 gold pieces.

Inventory:

Hand Weapons
 a - a +0 sling
 b - a +0 dagger (weapon)
Missiles
 j - 17 stones
Armour
 c - a +0 robe (worn)
 n - a scarf of resistance (worn)
Scrolls
 d - 2 scrolls of teleportation {unknown}
 e - 2 scrolls of identify
 h - a scroll of summoning {unknown}
 i - 2 scrolls of vulnerability
 k - a scroll of immolation {unknown}
 m - a scroll of amnesia {unknown}
 o - a scroll of noise {unknown}
Potions
 f - a potion of invisibility
 g - a potion of mutation {unknown}
 l - 2 potions of haste {unknown}


   Skills:
 - Level 1.0 Fighting
 + Level 0.5 Short Blades
 + Level 3.0 Ranged Weapons
 + Level 2.9 Dodging
 + Level 0.2 Stealth
 - Level 1.3 Spellcasting
 + Level 4.1 Hexes


You had 3 spell levels left.
You knew the following spells:

 Your Spells              Type           Power      Damage    Failure   Level
a - Slow                  Hex            48%        N/A       4%          1

Your spell library contained the following spells:

 Spells                   Type           Power      Damage    Failure   Level
 Inner Flame              Hex/Fire       6%         N/A       32%         3
 Portal Projectile        Hex/Tloc       12%        N/A       32%         3
 Cause Fear               Hex            6%         N/A       43%         4


Dungeon Overview and Level Annotations

Branches:
Dungeon (2/15)

Altars:

Annotations:
D:1 clr
D:2 Crazy Yiuf


Innate Abilities, Weirdness & Mutations

You are very small and have problems with some larger weapons.
You are too small for most types of armour.
You have supernaturally acute eyesight. (SInv)
You cover ground extremely quickly. (Speed+++)


Message History

The giant cockroach barely misses you.
Crazy Yiuf zaps a wand.
The puff of flame misses you.
You hit the giant cockroach.
You kill the giant cockroach!
Crazy Yiuf zaps a wand.
The puff of flame hits you. You resist.
A jackal comes into view.
A jackal comes into view.
The jackal barks! x2
As you read the scroll labelled VUF JYUTHOUX, it crumbles to dust.
It is a scroll of identify.
f - 2 potions of invisibility A jackal comes into view.
You fade into invisibility!
You strike the helpless Crazy Yiuf from behind!
You puncture Crazy Yiuf!
Crazy Yiuf is moderately wounded.
Crazy Yiuf zaps a wand.
The puff of flame misses you.
The puff of flame hits the jackal!
The jackal dies!
You hit Crazy Yiuf.
Crazy Yiuf is heavily wounded.
Crazy Yiuf zaps a wand.
The puff of flame hits you. You resist.
You barely miss Crazy Yiuf.
Crazy Yiuf is heavily wounded.
Crazy Yiuf cries, "Fluff forty-two pontify!"
Crazy Yiuf completely misses you.
You hit Crazy Yiuf but do no damage.
Crazy Yiuf is heavily wounded.
Crazy Yiuf says, "Prologue sing-song forty-two!"
Crazy Yiuf misses you.
You strike the helpless Crazy Yiuf from behind!
You hit Crazy Yiuf.
Crazy Yiuf is severely wounded.
A jackal comes into view.
Crazy Yiuf completely misses you. The jackal closely misses you.
You completely miss Crazy Yiuf.
Crazy Yiuf is severely wounded.
The jackal barely misses you.
Crazy Yiuf hits you with a +4 quarterstaff of chaos!
You die...

#.###......)♣))♣#))
#.##..#...)♣)♣♣♣ #
#.....###♣♣♣♣♣
#####.# #.# #g#
#.###
.##########...#
...h..hh@g....#
###########...#
#..## #.... ######


You could see Crazy Yiuf (unable to see you) and 3 jackals.

Vanquished Creatures
  An adder (D:2)
  A worm (D:2)
  3 ball pythons
  4 endoplasms (D:1)
  3 giant cockroaches
  3 goblins
  A hobgoblin (D:1)
  3 kobolds (D:1)
  A frilled lizard (D:1)
  3 rats (D:1)
23 creatures vanquished.

Vanquished Creatures (others)
  A jackal (D:2)
1 creature vanquished.

Grand Total: 24 creatures vanquished

Notes
Turn   | Place    | Note
-------+----------+-------------------------------------------
     0 | D:1      | Snarg the Spriggan Arcane Marksman began the quest for the
                  | Orb.
     0 | D:1      | Reached XP level 1. HP: 9/9 MP: 3/3
   109 | D:1      | Reached skill level 4 in Hexes
   146 | D:1      | Reached XP level 2. HP: 9/14 MP: 5/5
   463 | D:1      | Reached skill level 1 in Fighting
   732 | D:2      | Reached XP level 3. HP: 18/18 MP: 6/6
   907 | D:2      | Found a runed translucent door.
   908 | D:2      | Noticed Crazy Yiuf
  1138 | D:2      | Slain by Crazy Yiuf

Illustrated notes

Levels and vault maps discovered:
D:1:      minmay_arrival_radiant_lines, layout_rooms, minmay_crystal_water
D:2:      layout_loops_ring, uniq_crazy_yiuf_cottage

Skill      XL: |  1  2  3 |
---------------+----------+-----
Hexes          | 4 |  4.1
Fighting       | 1 |  1.0
Ranged Weapons | 3 |  3.0
Short Blades   | |  0.5
Dodging        | |  2.9
Stealth        | |  0.2
Spellcasting   | |  1.3

Action                   || total
-------------------------++-------
Melee: Unarmed           ||     1
       Dagger            ||    30
 Fire: Sling             ||    54
 Cast: Slow              ||     1
  Use: Scroll            ||     1
       Potion            ||     1
 Stab: Invisible         ||     2
Armor: Robe              ||     4
Dodge: Dodged            ||    41

Table legend: (Time is in decaauts)
 A = Elapsed time spent in this place.
 B = Non-inter-level travel time spent in this place.
 C = Inter-level travel time spent in this place.
 D = Time resting spent in this place.
 E = Time spent auto-exploring this place.
 F = Levels seen in this place.
 G = Mean time per level.
                   A        B        C        D        E       F      G
               +--------+--------+--------+--------+--------+-----+--------+
         Total |    860 |    852 |      8 |    139 |    440 |   2 |  430.0 |
       Dungeon |    860 |    852 |      8 |    139 |    440 |   2 |  430.0 |
               +--------+--------+--------+--------+--------+-----+--------+

Top non-repeatable levels by time:
     D:1: 488 daAuts
     D:2: 371 daAuts
